 Dungeon Crawl Stone Soup version 0.16-a0-3668-g5d42bd4 (webtiles) character file.

886228 Miyamura the Sorcerer (level 27, -5/179 (180) HPs)
             Began as a High Elf Skald on Jan 10, 2015.
             Was the Champion of Cheibriados.
             Killed from afar by a Hell Sentinel (48 damage)
             ... with a blast of hellfire
             ... in Pandemonium on Jan 17, 2015.
             The game lasted 14:14:38 (119744 turns).

Miyamura the Sorcerer (High Elf Skald)            Turns: 119744, Time: 14:14:38

HP:   -5/179 (180)  AC: 28    Str: 33    XL:     27
MP:   6/45          EV: 38    Int: 41    God:    Cheibriados [******]
Gold: 6759          SH: 10    Dex: 38    Spells: 13 memorised, 13 levels left

rFire  + + +     SeeInvis +     j - +6 demon blade (slice)
rCold  + + .     Rnd*Rage +     C - +5 ring mail of the Eternal Void {Str+3 Int+3}
rNeg   + + .     SustAb   +     M - +0 buckler of Tartarus {*Tele rC++ rN+ MR++ Str+3 Dex+3}
rPois  .         Gourm    .     O - +2 helmet {SInv}
rElec  +         Spirit   .     W - +1 cloak of Grace {rF+ Int+2}
rCorr  .         Warding  .     K - +2 pair of gloves {Dex+3}
rMut   .         Rnd*Tele +     R - +2 pair of boots {Fly}
MR     +++++                    B - amulet of regeneration
Stlth  ++++......               H - ring of sustain abilities
                                Y - ring of Spontaneous Combustion {+Blink rElec rF++ rN+ Stlth++}

@: about to teleport, flying, very slightly contaminated, regenerating, repel
missiles, very slow, almost entirely resistant to hostile enchantments, stealthy
A: yellow scales 1, berserk 1, blurry vision 1, clumsy 1, deformed body,
deterioration 1, dopey 1, frail 1, low mp 1, magic resistance 1, teleportitis 2,
weak 2, MP-powered wands 1
a: Bend Time, Temporal Distortion, Slouch, Step From Time, Renounce Religion,
Evoke Blink, Stop Flying
}: 5/15 runes: barnacled, slimy, silver, abyssal, gossamer


You were in Pandemonium.
You worshipped Cheibriados.
Cheibriados was exalted by your worship.
You were not hungry.

You visited 14 branches of the dungeon, and saw 68 of its levels.
You visited Pandemonium 1 time, and saw 3 of its levels.
You visited the Abyss 4 times.
You also visited: Labyrinth and Sewer.

You collected 14168 gold pieces.
You spent 7409 gold pieces at shops.

Inventory:

Hand weapons
 b - a +3 eudemon blade of holy wrath
 j - a +6 demon blade of slicing (weapon)
Armour
 q - the +9 armour of the Dragon King {rPois+ rF+ rC+ MR+}
   (You bought it in a shop on level 1 of the Elven Halls)

   It protects you from fire.
   It protects you from cold.
   It protects you from poison.
   It affects your resistance to hostile enchantments.
 C - the +5 ring mail of the Eternal Void (worn) {Str+3 Int+3}
   (You found it on level 5 of the Dungeon)

   It affects your strength (+3).
   It affects your intelligence (+3).
 K - a +2 pair of gloves of dexterity (worn)
 M - the +0 buckler of Tartarus (worn) {*Tele rC++ rN+ MR++ Str+3 Dex+3}
   (You found it on level 5 of the Shoals)

   It affects your strength (+3).
   It affects your dexterity (+3).
   It greatly protects you from cold.
   It protects you from negative energy.
   It affects your resistance to hostile enchantments.
   It causes random teleportation.
 O - a +2 helmet of see invisible (worn)
 R - a +2 pair of boots of flying (worn)
 W - the +1 cloak of Grace (worn) {rF+ Int+2}
   (Okawaru gifted it to you on level 2 of the Lair of Beasts)

   It affects your intelligence (+2).
   It protects you from fire.
Magical staves
 T - an uncursed staff of wizardry
Jewellery
 r - an uncursed amulet of resist mutation
 A - the ring "Adaix" {+Fly rPois+ rF+ rC++ Slay+4}
   (You took it off a deep elf annihilator on level 3 of the Elven Halls)

   [ring of poison resistance]

   It affects your accuracy and damage with ranged weapons and melee attacks
   (+4).
   It protects you from fire.
   It greatly protects you from cold.
   It protects you from poison.
   It lets you fly.
 B - an amulet of regeneration (around neck)
 H - a ring of sustain abilities (right hand)
 J - an uncursed amulet of warding
 Y - the ring of Spontaneous Combustion (left hand) {+Blink rElec rF++ rN+ Stlth++}
   (You took it off a deep elf demonologist on level 3 of the Elven Halls)

   [ring of positive energy]

   It greatly protects you from fire.
   It insulates you from electricity.
   It protects you from negative energy.
   It lets you blink.
   It makes you much more stealthy.
 Z - an uncursed amulet of resist corrosion
Magical devices
 k - a wand of invisibility (5)
 t - a wand of teleportation (9)
 L - a wand of teleportation (3)
 V - a wand of digging (5)
Scrolls
 e - 47 scrolls of remove curse
 l - 7 scrolls of recharging
 n - a scroll of silence
 p - 13 scrolls of teleportation
 s - 6 scrolls of blinking
 v - 10 scrolls of identify
 y - 9 scrolls of magic mapping
 E - 8 scrolls of fog
 I - 8 scrolls of fear
 P - a scroll of summoning
Potions
 c - 15 potions of brilliance
 g - 3 potions of cancellation
 o - 9 potions of agility
 x - a potion of restore abilities
 z - 10 potions of curing
 N - a potion of resistance
Books
 h - a Necronomicon

   Spells                             Type                      Level
   a - Haunt                          Necromancy/Summoning         7
   b - Borgnjor's Revivification      Necromancy                   8
   c - Death's Door                   Charms/Necromancy            8
   d - Necromutation                  Transmutation/Necromancy     8
 i - an Akashic Record

   Spells                             Type                      Level
   a - Dispersal                      Translocation                6
   b - Controlled Blink               Translocation                7
   c - Malign Gateway                 Summoning/Translocation      7
   d - Disjunction                    Translocation                8
   e - Singularity                    Translocation                9
Miscellaneous
 u - an ornate deck of changes {Wild Magic, drawn: 1}
Comestibles
 a - 2 meat rations
 d - 51 bread rations
 F - 24 fruits


   Skills:
 - Level 20.2 Fighting
 - Level 14.3 Long Blades
 - Level 18.5 Armour
 - Level 22.0 Dodging
 - Level 10.0 Shields
 + Level 26.3 Spellcasting
 - Level 10.2 Conjurations
 - Level 15.0 Charms
   Level 4.2 Summonings
 + Level 14.4 Necromancy
 - Level 16.2 Translocations
 + Level 17.2 Transmutations
 - Level 8.5 Ice Magic
 - Level 22.3 Air Magic
 - Level 11.5 Invocations
 - Level 2.0 Evocations


You had 13 spell levels left.
You knew the following spells:

 Your Spells              Type           Power        Failure   Level  Hunger
a - Airstrike             Air            ########..   0%          4    None
b - Blink                 Tloc           N/A          0%          2    None
c - Freezing Cloud        Conj/Ice/Air   ########..   1%          6    None
d - Sublimation of Blood  Necr           ########..   0%          2    None
e - Controlled Blink      Tloc           N/A          1%          7    None
f - Flight                Chrm/Air       ########..   0%          3    None
g - Shroud of Golubria    Chrm/Tloc      ########..   0%          2    None
h - Disjunction           Tloc           ########..   2%          8    None
i - Necromutation         Trmt/Necr      ########..   3%          8    None
j - Singularity           Tloc           ########..   34%         9    None
k - Tornado               Air            ########..   6%          9    None
m - Repel Missiles        Chrm/Air       ######       0%          2    None
r - Regeneration          Chrm/Necr      ########..   0%          3    None


Dungeon Overview and Level Annotations

Branches:
Dungeon (15/15)            Temple (1/1) D:5            Lair (8/8) D:9
 Shoals (5/5) Lair:4       Spider (5/5) Lair:6        Slime (6/6) Lair:7
    Orc (4/4) D:9             Elf (3/3) Orc:4        Vaults (5/5) D:14
  Crypt (3/3) Vaults:2       Tomb (0/3) Crypt:3      Depths (5/5) D:15
   Hell (1/1)                 Dis (2/7) Hell            Geh (0/7) Hell
    Coc (0/7) Hell            Tar (0/7) Hell            Zot (5/5) Depths:5

Altars:
Ashenzari
Cheibriados
Dithmenos
Elyvilon
Fedhas
Gozag
Kikubaaqudgha
Makhleb
Nemelex Xobeh
Okawaru
Qazlal
Ru
Sif Muna
Trog
Vehumet
Xom
Yredelemnul
Zin
The Shining One
Jiyva

Shops:
D:13 :   Orc:4 *%%:   Elf:1 [   Shoals:3 :   Vaults:4 *   Depths:2 *

Portals:
Hell: Depths:1 Depths:2 Depths:3 Depths:4 Depths:5
Abyss: Depths:3 Depths:4
Pandemonium: Depths:3 Depths:4
Ziggurat: Depths:2
Trove: D:15 (show slimy rune of Zot)

Annotations:
D:7 runed door
Elf:1 runed door
Elf:2 runed door
Depths:1 runed door


Innate Abilities, Weirdness & Mutations

You are partially covered in yellow scales (AC +2).
You tend to lose your temper in combat.
Scrolls take you a little longer to read.
You are clumsy. (Dex -2)
Armour fits poorly on your strangely shaped body.
Your body is slowly deteriorating.
You are dopey. (Int -2)
You are frail (-10% HP).
Your magical capacity is low (-10% MP).
You are resistant to hostile enchantments.
Space sometimes distorts in your vicinity.
You are very weak. (Str -4)
You expend magic power (3 MP) to slightly strengthen your wands.


Message History

Okay, then.
Eat which item? (? for menu, Esc to quit)
Okay, then.
Read which item? (? for menu, Esc to quit)
You begin reading the scroll.
You continue reading the scroll.
The Hell Sentinel gestures at you.
The hellfire explodes!
The blast of hellfire engulfs you!
* * * LOW HITPOINT WARNING * * *
The blast of hellfire engulfs the Hell Sentinel.
The Hell Sentinel completely resists.
As you read the scroll of teleportation, it crumbles to dust.
You feel strangely unstable.
Drink which item? (? for menu, Esc to quit)
You feel better. The Hell Sentinel closely misses you.
The Hell Sentinel completely misses you.
Drink which item? (? for menu, Esc to quit)
You feel better. The Hell Sentinel gestures at you.
The hellfire explodes!
The blast of hellfire engulfs you!
You die...

### #### ##.## ###..### ##...##
#......####.....##
........##.......## ##
.............#....## ###.
§§####.6....###...[## ##... 2##
###....# ##@.).# ###....
§.####......###.1..## ##......
§.................## ###.......
........##.......##
###........# #......####.....##
##........###
#....2.####.....#####.......###
........##.."....##.......#..#
...##....#.......#......####.##
..####................###
##..###


You could see a Hell Sentinel.

Vanquished Creatures
  the royal jelly (Slime:6)
  3 ancient liches
  An orb of fire (Zot:1)
  Mara (5 times) (Shoals:3)
  2 pandemonium lords (Pan)
  4 greater mummies (Dis:2)
  A shard shrike (Zot:1)
  Norris (D:14)
  4 curse toes
  Mennas (Depths:4)
  Geryon (Hell)
  2 Killer Klowns
  2 profane servitors
  3 golden dragons
  Xtahua (Depths:4)
  Arachne (Spider:3)
  21 bone dragons
  2 Brimstone Fiends
  4 electric golems
  2 caustic shrikes (Depths:3)
  2 hellephants
  5 Hell Sentinels (Pan)
  21 tentacled monstrosities
  5 quicksilver dragons
  5 deep elf blademasters
  Asterion (Vaults:1)
  14 liches
  7 Orb Guardians (Zot:5)
  24 acid blobs
  2 deep elf master archers
  The ghost of Stick the Peltast, a mighty FoFi of Cheibriados (Shoals:1)
  A kraken (Abyss:3)
  43 tentacled starspawn
  18 titans
  7 sphinxes
  4 Executioners
  5 ancient champions
  Rupert (D:15)
  17 storm dragons
  12 shadow dragons
  8 tengu reavers
  6 revenants
  4 draconian monks
  13 azure jellies
  Ilsuiw (Shoals:5)
  2 daevas (Abyss:5)
  5 balrugs
  25 fire giants
  Wiglaf (Shoals:1)
  9 chaos champions (Pan)
  An orc warlord (Orc:3)
  2 ghost moths (Spider:5)
  16 vault wardens
  6 iron dragons
  17 draconian scorchers
  17 frost giants
  6 draconian zealots
  3 draconian knights
  A curse skull (Crypt:3)
  10 deep elf sorcerers
  16 emperor scorpions
  4 warmongers (Pan)
  Gastronok (Lair:1)
  6 cacodemons (Pan)
  3 spriggan defenders
  A ghoul (Crypt:3)
  15 reapers
  Jorgrun (Crypt:1)
  14 ironheart preservers
  2 angels
  8 draconian annihilators
  5 war gargoyles
  5 salamander firebrands (Hell)
  35 stone giants
  3 draconian shifters
  10 very ugly things
  2 ophanim
  9 draconian callers
  12 deep elf demonologists
  8 grey draconians
  5 lorocyprocas
  105 starcursed masses
  A blood saint (Pan)
  3 green draconians
  3 vampire knights
  8 black draconians
  5 purple draconians
  Azrael (Spider:2)
  9 deep elf annihilators
  4 red draconians
  7 yellow draconians
  5 dire elephants
  9 white draconians
  8 mottled draconians
  12 ettins
  8 pale draconians
  3 unborn
  3 green deaths
  9 merfolk javelineers
  3 black suns (Pan)
  7 blizzard demons
  Snorg (D:15)
  36 vault guards
  8 death oozes
  6 eidola
  2 mummy priests (Dis:2)
  6 merfolk impalers
  6 crystal guardians
  15 fire dragons
  2 minotaurs
  8 death cobs
  17 jiangshi
  18 yaktaur captains
  3 quicksilver dragon zombies
  10 deep elf death magi
  8 hell beasts
  5 deep elf high priests
  Fannar (Lair:8)
  24 ice dragons
  9 hydras
  A quicksilver dragon skeleton (Crypt:2)
  2 naga warriors
  3 spriggan air magi
  21 rakshasas
  15 ogre magi
  14 great orbs of eyes
  8 centaur warriors
  9 merfolk aquamancers
  2 merfolk avatars
  7 monstrous demonspawn (Pan)
  Erica (Lair:7)
  An alligator snapping turtle (Shoals:5)
  16 dancing weapons
  2 spectral fire giants (Crypt:3)
  10 deep troll shamans
  38 death yaks
  A satyr (Shoals:4)
  4 tengu warriors
  6 deep troll earth magi
  4 death knights
  118 large abominations
  5 titan zombies
  3 orc high priests
  Urug (D:13)
  9 soul eaters
  16 hell hogs
  51 thrashing horrors
  A storm dragon zombie (Crypt:1)
  A titan skeleton (Hell)
  7 vampire magi
  Nergalle (D:10)
  4 spriggan berserkers
  16 hell knights
  A fire crab (shapeshifter) (Vaults:4)
  A fire crab (Vaults:5)
  15 sun demons
  30 wretched stars
  15 shadow wraiths
  An iron golem (Hell)
  51 skeletal warriors
  7 sea snakes
  5 catoblepae
  6 iron trolls
  22 ice devils
  19 deep elf knights
  11 spatial maelstroms
  6 unseen horrors
  An unseen horror (shapeshifter) (Depths:5)
  3 anaconda zombies
  9 gelid demonspawn (Pan)
  3 death drakes
  8 infernal demonspawn (Pan)
  21 putrid demonspawn (Pan)
  13 deep elf summoners
  9 hill giants
  14 flayed ghosts
  A shadow demon (Abyss:3)
  3 ice statues
  12 necromancers
  A shadow dragon zombie (Hell)
  11 giant orange brains
  19 ironbrand convokers
  4 lindwurms (Lair:6)
  Pikel (D:4)
  4 torturous demonspawn (Pan)
  18 deep elf conjurers
  4 wolf spider zombies
  An anaconda skeleton (Hell)
  14 orc knights
  35 deep trolls
  A mana viper (Dis:2)
  8 shining eyes
  10 orb spiders
  42 ugly things
  A shadow dragon skeleton (Crypt:1)
  9 orc sorcerers
  2 stone giant zombies
  21 griffons
  33 wolf spiders
  A cyclops (shapeshifter) (Vaults:5)
  6 wizards
  6 cyclopes
  3 orb spiders (shapeshifter)
  A spectral fire dragon (Dis:2)
  A fire giant zombie (Dis:1)
  An oklob plant (Shoals:3)
  12 manticores
  A frost giant zombie (Hell)
  13 harpies
  13 worldbinders
  29 moths of wrath
  A spectral ettin (Abyss:5)
  13 phantasmal warriors
  6 fauns
  3 elephants (Lair:8)
  3 salamanders
  7 apocalypse crabs
  A guardian serpent (shapeshifter) (Depths:3)
  7 water nymphs
  8 eyes of devastation
  A fire giant skeleton (Abyss:5)
  5 hornets
  Maurice (D:10)
  9 sirens
  6 centaur zombies
  25 rust devils
  26 sixfirhies
  A dire elephant zombie (Dis:1)
  3 frost giant skeletons
  A stone giant skeleton (Hell)
  A draconian skeleton (Zot:2)
  6 guardian serpents
  21 orange demons
  64 smoke demons
  3 gargoyles
  7 torpor snails
  A molten gargoyle (Hell)
  12 vault sentinels
  5 black mambas
  An orange crystal statue (Depths:1)
  2 komodo dragons (shapeshifter)
  8 spiny frogs
  14 hellions
  15 demonic crawlers
  2 naga magi
  7 kobold demonologists
  5 spectral swamp worms (Depths:4)
  57 hellwings
  A fire drake (shapeshifter) (Abyss:3)
  2 silent spectres
  4 efreet
  15 komodo dragons
  30 ancient zymes
  A guardian mummy (Dis:2)
  2 tengu conjurers
  33 jumping spiders
  17 tormentors
  15 red devils
  An anaconda simulacrum (Hell)
  A wandering mushroom (Zot:5)
  6 fire drakes
  7 trolls
  80 yaktaurs
  2 yaktaurs (shapeshifter)
  13 deep elf priests
  23 freezing wraiths
  A harpy zombie (D:14)
  3 queen bees (shapeshifter)
  2 wind drakes
  3 hydra zombies (Hell)
  29 two-headed ogres
  5 polar bears
  32 blink frogs
  Sonja (D:15)
  A golden dragon simulacrum (Depths:2)
  A two-headed ogre (shapeshifter) (D:15)
  A jumping spider (shapeshifter) (Abyss:5)
  27 merfolk
  A boulder beetle (shapeshifter) (Depths:1)
  10 blue devils
  Grinder (D:3)
  2 catoblepas zombies
  Prince Ribbit (D:5)
  A raven (shapeshifter) (Depths:2)
  A harpy skeleton (Dis:2)
  A blink frog (shapeshifter) (Abyss:5)
  2 ice dragon zombies
  A raiju (shapeshifter) (Depths:5)
  2 hydra skeletons
  6 snapping turtles
  2 alligator zombies
  5 basilisks
  3 ettin zombies
  97 slime creatures
  An ushabti (Dis:2)
  10 boulder beetles
  A fire dragon zombie (Crypt:2)
  105 raiju
  6 ravens
  69 flying skulls
  A catoblepas skeleton (Hell)
  9 vampires
  12 water elementals
  A basilisk (shapeshifter) (Depths:4)
  A trapdoor spider (shapeshifter) (Vaults:3)
  64 redbacks
  2 ettin skeletons
  5 air elementals
  An alligator skeleton (Hell)
  30 trapdoor spiders
  2 redbacks (shapeshifter)
  An ice dragon skeleton (Crypt:1)
  36 ynoxinuls
  A hog (shapeshifter) (Abyss:3)
  19 shadows
  6 golden eyes (Slime:5)
  A black mamba skeleton (Crypt:1)
  2 elf simulacra
  66 yaks
  10 hippogriffs
  20 wraiths
  43 neqoxecs
  A steam dragon (D:12)
  A wind drake zombie (Crypt:1)
  6 wyverns
  28 tarantellas
  A steam dragon (shapeshifter) (Vaults:5)
  2 humans (shapeshifter)
  11 hungry ghosts
  Grum (Orc:4)
  27 deep elf magi
  22 chaos spawn
  7 fire bats
  2 fire bats (shapeshifter)
  33 deep elf fighters
  A tarantella (shapeshifter) (Vaults:5)
  16 humans
  11 vampire mosquitoes
  A human simulacrum (Vaults:3)
  The ghost of WereVolvo the Insei, an average OpTm (D:3)
  3 wargs
  A hog (D:7)
  14 wolves
  13 insubstantial wisps
  A deep troll zombie (Crypt:2)
  9 fire elementals
  6 nagas
  27 spatial vortices
  2 human zombies
  A merfolk zombie (Dis:1)
  A water moccasin (shapeshifter) (Depths:4)
  A mottled dragon (Vaults:2)
  A faun skeleton (Crypt:2)
  25 hell hounds
  32 spiders
  5 spiny frog zombies
  18 water moccasins
  2 human skeletons
  11 porcupines
  A spiny frog skeleton (Hell)
  3 swamp drakes
  9 eyes of draining
  A hydra simulacrum (Zot:2)
  8 ice beasts
  2 manticore zombies (Dis:2)
  2 swamp dragon zombies
  2 deep dwarves (shapeshifter) (Abyss:5)
  3 eyes of draining (shapeshifter)
  8 black bears
  A spider (shapeshifter) (Depths:5)
  7 necrophages
  A fire dragon simulacrum (Crypt:3)
  61 ogres
  3 snapping turtle zombies
  4 boggarts (Depths:3)
  11 phantoms
  A boring beetle (Abyss:3)
  21 centaurs
  An ettin simulacrum (Vaults:3)
  A lindwurm skeleton (Crypt:1)
  8 sky beasts
  A blink frog skeleton (Crypt:2)
  64 small abominations
  A wasp (D:12)
  4 big kobolds
  19 crocodiles
  2 crocodiles (shapeshifter)
  37 orc warriors
  Sigmund (D:4)
  A fire drake zombie (Crypt:1)
  3 lost souls
  5 elf zombies
  A fire drake skeleton (Crypt:2)
  2 brain worms
  6 earth elementals
  17 giant frogs
  3 wyvern zombies
  A cyclops skeleton (Crypt:2)
  A snapping turtle simulacrum (Abyss:4)
  5 scorpions
  A wyvern skeleton (D:6)
  30 wights
  13 killer bees
  A raiju skeleton (Crypt:1)
  7 electric eels
  A yak skeleton (Crypt:1)
  8 quasits
  6 goliath beetles
  40 jellies
  7 crimson imps
  27 orc priests
  12 hounds
  A giant frog zombie (D:9)
  A giant frog skeleton (D:8)
  Crazy Yiuf (D:2)
  3 centaur skeletons
  17 iron imps
  6 iguanas
  36 orc wizards
  13 worker ants
  8 hell rats
  A porcupine zombie (Crypt:1)
  8 spectral orcs (D:10)
  An iguana (shapeshifter) (Abyss:5)
  14 sheep
  Ijyb (D:2)
  3 hound skeletons
  Terence (D:2)
  4 mummies
  A worker ant zombie (D:6)
  Robin (D:2)
  5 orc zombies
  A steam dragon zombie (Crypt:2)
  Natasha (D:5)
  72 river rats
  29 adders
  6 shadow imps
  A swamp drake skeleton (Crypt:2)
  12 white imps
  6 giant mites
  A goliath beetle zombie (Crypt:2)
  4 worms
  40 ufetubi
  An adder skeleton (D:5)
  An adder zombie (D:9)
  5 oozes
  181 orcs
  A ball python (D:7)
  20 bats
  A bat skeleton (D:4)
  A giant cockroach (shapeshifter) (Vaults:5)
  8 giant cockroaches
  38 goblins
  18 hobgoblins
  9 jackals
  13 quokkas
  A river rat zombie (Crypt:1)
  6 giant geckos
  2 giant gecko zombies
  6 giant newts
  2 giant spores
  2 gnoll zombies (D:3)
  35 kobolds
  A kobold simulacrum (Abyss:3)
  3 lurking horrors
  A quokka skeleton (D:4)
  28 rats
  5 ballistomycetes
  A bush (Lair:6)
  A butterfly (Lair:2)
  3 fungi
  4 grand avatars (Pan)
  8 plants
  27 starspawn tentacles
  A tentacle (Abyss:3)
4926 creatures vanquished.

Vanquished Creatures (others)
  2 titans (Depths:2)
  4 eldritch tentacles
  2 fire giants
  2 draconian scorchers (Zot:1)
  A frost giant (Depths:3)
  A mottled draconian (Zot:2)
  An unseen horror (Abyss:3)
  A skeletal warrior (Crypt:1)
  A ball lightning (Abyss:1)
  A spatial maelstrom (Abyss:5)
  A putrid demonspawn (Pan)
  A drowned soul (Shoals:5)
  A yaktaur (Vaults:4)
  A deep elf priest (Vaults:2)
  A red devil (Pan)
  3 raiju (Abyss:4)
  A deep elf fighter (Vaults:1)
  A hydra simulacrum (Zot:2)
  A swamp drake (Zot:5)
  2 ogres (Vaults:4)
  8 lost souls
  A brain worm (Abyss:4)
  A small abomination (Abyss:3)
  An electric eel (D:14)
  A jelly (Slime:6)
  Natasha (D:5)
  2 orc wizards
  4 orcs
  3 giant spores
  5 lurking horrors
  A ballistomycete (D:6)
  373 eldritch tentacle segments
  5 fungi
  9 plants
  75 starspawn tentacles
  777 starspawn tentacle segments
  10 tentacles (Abyss:3)
  164 tentacle segments (Abyss:3)
1470 creatures vanquished.

Grand Total: 6396 creatures vanquished

Notes
Turn   | Place    | Note
--------------------------------------------------------------
     0 | D:1      | Miyamura, the High Elf Skald, began the quest for the Orb.
     0 | D:1      | Reached XP level 1. HP: 14/14 MP: 4/4
   185 | D:1      | Reached skill level 1 in Armour
   185 | D:1      | Reached XP level 2. HP: 12/19 MP: 1/6
   401 | D:1      | Learned a level 2 spell: Song of Slaying
   404 | D:1      | Learned a level 2 spell: Shroud of Golubria
   468 | D:1      | Reached skill level 4 in Charms
  1122 | D:2      | Reached XP level 3. HP: 20/24 MP: 2/8
  2119 | D:2      | Reached XP level 4. HP: 29/29 MP: 12/12
  2126 | D:2      | Learned a level 3 spell: Regeneration
  2707 | D:2      | Noticed Robin
  2876 | D:2      | Noticed Ijyb
  2880 | D:2      | Killed Ijyb
  3465 | D:2      | Found a blossoming altar of Fedhas.
  3465 | D:2      | Found an iron altar of Okawaru.
  3535 | D:2      | Became a worshipper of Warmaster Okawaru
  3804 | D:2      | Killed Robin
  3804 | D:2      | Reached XP level 5. HP: 23/35 MP: 4/14
  3912 | D:2      | Noticed Terence
  3992 | D:2      | Killed Terence
  4311 | D:2      | Noticed Crazy Yiuf
  4323 | D:2      | Killed Crazy Yiuf
  4685 | D:3      | Found a bloodstained altar of Trog.
  4719 | D:3      | Noticed WereVolvo's ghost (average OpTm)
  4738 | D:3      | Killed WereVolvo's ghost
  4738 | D:3      | Acquired Okawaru's first power
  4738 | D:3      | Reached skill level 5 in Charms
  4738 | D:3      | Reached XP level 6. HP: 35/42 MP: 7/17
  5185 | D:3      | Noticed Grinder
  5503 | D:4      | Noticed Sigmund
  5689 | D:4      | Found a glowing drain.
  5693 | Sewer    | Entered a sewer
  5708 | Sewer    | Reached XP level 7. HP: 41/46 MP: 15/19
  5887 | Sewer    | Found a white marble altar of Elyvilon.
  6095 | D:4      | Noticed Pikel
  6128 | D:4      | Killed Pikel
  6128 | D:4      | Reached skill level 5 in Long Blades
  6128 | D:4      | Reached skill level 6 in Charms
  6128 | D:4      | Reached XP level 8. HP: 21/54 MP: 11/22
  6334 | D:4      | Killed Sigmund
  6397 | D:5      | Entered Level 5 of the Dungeon
  6449 | D:5      | Found a staircase to the Ecumenical Temple.
  6458 | Temple   | Entered the Ecumenical Temple
  6603 | D:5      | Reached skill level 5 in Spellcasting
  6716 | D:5      | Noticed Natasha
  6724 | D:5      | Killed Natasha
  6912 | D:5      | Found a shattered altar of Ashenzari.
  6935 | D:5      | Noticed Prince Ribbit
  6951 | D:5      | Killed Prince Ribbit
  6951 | D:5      | Reached skill level 5 in Dodging
  6951 | D:5      | Reached skill level 7 in Charms
  6971 | D:5      | Noticed Natasha
  6983 | D:5      | Killed Natasha
  7012 | D:5      | Reached skill level 5 in Fighting
  7119 | D:5      | Got a bloodstained ring mail
  7131 | D:5      | Identified the cursed +5 ring mail of the Eternal Void {Str+3 Int+3} (You found it on level 5 of the Dungeon)
  7225 | D:5      | Reached XP level 9. HP: 61/61 MP: 22/24
  7497 | D:3      | Paralysed by Grinder for 5 turns
  7504 | D:3      | Killed Grinder
  7701 | D:3      | Found a basalt altar of Yredelemnul.
  8172 | D:6      | Reached skill level 8 in Charms
  8311 | D:6      | Received a gift from Okawaru
  8974 | D:7      | Found a huge runed gate.
  8974 | D:7      | Found a huge runed gate.
  8974 | D:7      | Found a huge runed gate.
  8974 | D:7      | Found a huge runed gate.
  8974 | D:7      | Noticed a griffon
  8974 | D:7      | Noticed a death yak
  8974 | D:7      | Noticed a griffon
  9110 | D:7      | Reached skill level 5 in Armour
  9245 | D:7      | Reached XP level 10. HP: 50/68 MP: 22/27
  9367 | D:7      | Found a deep blue altar of Sif Muna.
  9593 | D:8      | Identified the Handbook of the Snowflakes and Companions
  9601 | D:8      | Learned a level 5 spell: Shadow Creatures
  9906 | D:8      | Reached skill level 1 in Summonings
  9946 | D:8      | Acquired Okawaru's second power
 10971 | D:9      | Found a staircase to the Lair.
 11338 | D:9      | Found a staircase to the Orcish Mines.
 11757 | D:9      | Found a stormy altar of Qazlal.
 11841 | Lair:1   | Entered Level 1 of the Lair of Beasts
 11981 | Lair:1   | Noticed a five-headed hydra
 12011 | Lair:1   | Noticed Gastronok
 12034 | Lair:1   | Killed Gastronok
 12034 | Lair:1   | Reached XP level 11. HP: 22/75 MP: 10/29
 12545 | Lair:2   | Identified a scroll of acquirement
 12610 | Lair:2   | Noticed a four-headed hydra
 12840 | Lair:2   | Noticed a five-headed hydra
 13010 | Orc:1    | Entered Level 1 of the Orcish Mines
 13154 | Orc:1    | Found a burning altar of Makhleb.
 13615 | Lair:1   | Received a gift from Okawaru
 13989 | Orc:1    | Reached skill level 9 in Long Blades
 14322 | Orc:2    | Learned a level 2 spell: Swiftness
 14326 | Orc:2    | Learned a level 3 spell: Flight
 14331 | Orc:2    | Learned a level 4 spell: Airstrike
 14353 | Orc:2    | Reached skill level 1 in Air Magic
 15313 | Orc:4    | Entered Level 4 of the Orcish Mines
 15556 | Orc:4    | Noticed an orc warlord
 15611 | Orc:4    | Paralysed by an orc sorcerer for 5 turns
 15683 | Orc:4    | Received a gift from Okawaru
 15723 | Orc:3    | Killed an orc warlord
 15723 | Orc:3    | Reached XP level 12. HP: 29/82 MP: 28/31
 15877 | Orc:4    | Found a staircase to the Elven Halls.
 15900 | Orc:4    | Noticed Grum
 15929 | Orc:4    | Killed Grum
 16136 | Orc:4    | Noticed an orc high priest
 16138 | Orc:4    | Noticed an orc high priest
 16225 | Orc:3    | Killed an orc high priest
 16225 | Orc:3    | Reached skill level 10 in Long Blades
 16225 | Orc:3    | Reached skill level 5 in Air Magic
 16365 | Orc:4    | Noticed an orc high priest
 16456 | Orc:3    | Killed an orc high priest
 16534 | Orc:4    | Killed an orc high priest
 16550 | Orc:4    | Found Immir's Book Boutique.
 16552 | Orc:4    | Found Saungiad's Assorted Antiques.
 16634 | Orc:4    | Found Stawnof's Food Boutique.
 16634 | Orc:4    | Found Qerufale's Food Shoppe.
 16642 | Orc:4    | Bought a twisted fluorescent wand for 80 gold pieces
 16642 | Orc:4    | Bought a runed crystal amulet for 100 gold pieces
 16642 | Orc:4    | Bought a pair of glowing boots for 90 gold pieces
 16642 | Orc:4    | Bought a jewelled shield for 190 gold pieces
 16642 | Orc:4    | Bought a scroll of blinking for 150 gold pieces
 16642 | Orc:4    | Bought a potion of curing for 60 gold pieces
 16647 | Orc:4    | Identified the +2 shield of the Castellan {rPois} (You bought it in a shop on level 4 of the Orcish Mines)
 16672 | Orc:4    | Bought a book of Enchantments for 600 gold pieces
 16682 | Orc:4    | Learned a level 6 spell: Haste
 16921 | Lair:1   | Killed a five-headed hydra
 17257 | Lair:2   | Killed a four-headed hydra
 17389 | Lair:2   | Reached skill level 10 in Charms
 17547 | Lair:2   | Received a gift from Okawaru
 17557 | Lair:2   | Got a brightly glowing cloak {god gift}
 17568 | Lair:2   | Identified the +1 cloak of Grace {rF+ Int+2} (Okawaru gifted it to you on level 2 of the Lair of Beasts)
 18131 | Lair:3   | Learned a level 2 spell: Repel Missiles
 18253 | Lair:3   | Reached skill level 11 in Charms
 18794 | Lair:3   | Reached XP level 13. HP: 60/90 MP: 32/32
 18862 | Lair:4   | Found a staircase to the Shoals.
 18895 | Lair:4   | Reached skill level 12 in Charms
 19255 | Lair:4   | Reached skill level 13 in Charms
 19964 | Lair:5   | Reached skill level 14 in Charms
 20768 | Lair:6   | Received a gift from Okawaru
 20838 | Lair:6   | Reached skill level 15 in Charms
 21156 | Lair:6   | Reached skill level 1 in Evocations
 21661 | Lair:1   | Learned a level 6 spell: Freezing Cloud
 21830 | Lair:6   | Reached skill level 10 in Spellcasting
 22070 | Lair:6   | Identified the Compendium of Idealism
 22080 | Lair:6   | Got a twisted spear
 22081 | Lair:6   | Identified the +3 spear of the Dragonfly {elec, rF+ Str-1} (You found it on level 6 of the Lair of Beasts)
 22365 | Lair:6   | Found a hole to the Spider Nest.
 22371 | Lair:6   | Reached XP level 14. HP: 90/97 MP: 34/34
 22421 | Lair:6   | Reached skill level 1 in Ice Magic
 22688 | Lair:7   | Found a staircase to the Slime Pits.
 23140 | Lair:7   | Reached skill level 1 in Conjurations
 23325 | Lair:7   | Noticed Erica
 23348 | Lair:7   | Killed Erica
 23348 | Lair:7   | Reached skill level 10 in Dodging
 23510 | Lair:8   | Entered Level 8 of the Lair of Beasts
 23545 | Lair:8   | Reached skill level 1 in Translocations
 23627 | Lair:8   | Noticed Fannar
 23656 | Lair:8   | Killed Fannar
 23966 | Lair:8   | Received a gift from Okawaru
 24472 | Lair:8   | Learned a level 2 spell: Blink
 25692 | D:10     | Entered Level 10 of the Dungeon
 25866 | D:10     | Noticed Nergalle
 25919 | D:10     | Killed Nergalle
 26653 | D:10     | Noticed Maurice
 26889 | D:11     | Found a labyrinth entrance.
 26913 | Lab      | Entered a labyrinth
 27344 | Lab      | Identified the Tome of the Snowflakes and the Mountains
 27455 | D:11     | Got a scorched scimitar
 27456 | D:11     | Identified the cursed +2 scimitar "Friuto" {vamp, Dex+1} (You found it on level 11 of the Dungeon)
 27724 | D:11     | Found a shadowy altar of Dithmenos.
 28069 | D:12     | Reached XP level 15. HP: 96/103 MP: 31/35
 28204 | D:12     | Received a gift from Okawaru
 28207 | D:12     | Got a pair of steaming gloves {god gift}
 28218 | D:12     | Identified the +1 pair of gloves of the Sky {Str+4 Dex-1} (Okawaru gifted it to you on level 12 of the Dungeon)
 29373 | D:12     | Reached skill level 10 in Fighting
 29818 | D:13     | Found Vamyicyi's Book Shop.
 29965 | D:13     | Reached skill level 5 in Conjurations
 30084 | D:13     | Noticed Urug
 30112 | D:13     | Killed Urug
 30756 | D:14     | Found a gate to the Vaults.
 30756 | D:14     | Noticed Norris
 30988 | D:13     | Upgraded the game from 0.16-a0-3553-gf2c86d1 to 0.16-a0-3593-g1073268
 31402 | D:14     | Found a white marble altar of Elyvilon.
 31766 | D:14     | Killed Norris
 31766 | D:14     | Received a gift from Okawaru
 31766 | D:14     | Reached skill level 5 in Ice Magic
 31795 | D:14     | Got an encrusted ring mail {god gift}
 31806 | D:14     | Identified the +1 ring mail "Praorun" {rPois HP+5 MP+5} (Okawaru gifted it to you on level 14 of the Dungeon)
 32491 | D:15     | Entered Level 15 of the Dungeon
 32638 | D:15     | Noticed Snorg
 32725 | D:15     | Killed Snorg
 32780 | D:15     | Noticed Sonja
 32880 | D:15     | Noticed Rupert
 32915 | D:15     | Killed Rupert
 32984 | D:15     | Killed Sonja
 33067 | D:15     | Reached skill level 10 in Air Magic
 33147 | D:15     | Found a staircase to the Depths.
 33178 | D:15     | Reached XP level 16. HP: 111/111 MP: 37/37
 34134 | D:15     | Found a portal to a secret trove of treasure.
 34665 | Shoals:1 | Entered Level 1 of the Shoals
 34941 | Shoals:1 | Noticed Stick's ghost (mighty FoFi)
 34971 | Shoals:1 | Killed Stick's ghost
 35124 | Shoals:1 | Received a gift from Okawaru
 35382 | Shoals:2 | Noticed Wiglaf
 35431 | Shoals:1 | HP: 2/111 [Wiglaf/war axe (34)]
 35839 | Shoals:1 | Killed Wiglaf
 35880 | Shoals:1 | Received a gift from Okawaru
 36477 | Spider:1 | Entered Level 1 of the Spider Nest
 37663 | Spider:2 | Reached skill level 10 in Armour
 37769 | Spider:2 | Noticed Azrael
 37775 | Spider:2 | Killed Azrael
 37775 | Spider:2 | Received a gift from Okawaru
 39476 | Spider:3 | Noticed Arachne
 39493 | Spider:3 | Killed Arachne
 39808 | Spider:3 | Reached XP level 17. HP: 117/117 MP: 31/38
 39944 | Spider:3 | Received a gift from Okawaru
 40628 | Spider:4 | Got a wavering iron ring
 41366 | Spider:5 | Entered Level 5 of the Spider Nest
 41421 | Spider:5 | Identified the ring of the Many Runes {+Inv rC+} (You found it on level 4 of the Spider Nest)
 42882 | Spider:5 | Got a gossamer rune of Zot
 42988 | Spider:5 | Received a gift from Okawaru
 44125 | Shoals:3 | Found Ghyhasyrol's Book Shoppe.
 44140 | Shoals:3 | Noticed Mara
 44142 | Shoals:3 | Noticed Miyamura's illusion
 44145 | Shoals:3 | Bought an Akashic Record for 1324 gold pieces
 44633 | Shoals:3 | Noticed Miyamura's illusion
 44802 | Shoals:3 | Killed Mara
 44810 | Shoals:3 | Killed Mara
 44819 | Shoals:3 | Killed Mara
 44819 | Shoals:3 | HP: 3/119 [Mara/demon trident of electrocution (19)]
 44912 | Shoals:3 | Noticed Miyamura's illusion
 45019 | Shoals:3 | Killed Mara
 45020 | Shoals:3 | Killed Mara
 45245 | Shoals:3 | Found an iron altar of Okawaru.
 45599 | Shoals:4 | Received a gift from Okawaru
 45650 | Shoals:4 | Got a bloodstained triple sword {god gift}
 45651 | Shoals:4 | Identified the +3 triple sword "Enialun" {flame, +Inv Int+5 Stlth-} (Okawaru gifted it to you on level 4 of the Shoals)
 45820 | Shoals:4 | Reached XP level 18. HP: 109/126 MP: 35/39
 46385 | Shoals:5 | Entered Level 5 of the Shoals
 46493 | Shoals:5 | Noticed Ilsuiw
 46510 | Shoals:5 | Killed Ilsuiw
 46766 | Shoals:5 | Got a pearl-studded leather armour
 46777 | Shoals:5 | Identified the +2 leather armour of the Assorted Deaths {rElec} (You found it on level 5 of the Shoals)
 47083 | Shoals:5 | Received a gift from Okawaru
 47111 | Shoals:5 | Got a shimmering buckler
 47118 | Shoals:5 | Identified the +0 buckler of Tartarus {*Tele rC++ rN+ MR++ Str+3 Dex+3} (You found it on level 5 of the Shoals)
 47181 | Shoals:5 | Reached skill level 10 in Conjurations
 47235 | Shoals:5 | Got a barnacled rune of Zot
 47543 | Shoals:5 | Got a pitted glaive
 47873 | Lair:1   | Identified the +9 glaive of Cruel Justice {drain, rN+ MR+ Int+3 SInv} (You found it on level 5 of the Shoals)
 47970 | Elf:1    | Entered Level 1 of the Elven Halls
 47992 | Elf:1    | Found a radiant altar of Vehumet.
 48002 | Elf:1    | Reached skill level 1 in Shields
 48388 | Elf:1    | Found a runed door.
 48546 | Elf:1    | Found Brudej's Armour Shoppe.
 48597 | Elf:1    | Received a gift from Okawaru
 48673 | Elf:1    | Identified Cigotuvi's Volume of Evil
 48677 | Elf:1    | Learned a level 2 spell: Sublimation of Blood
 48998 | Elf:2    | Reached skill level 5 in Translocations
 49076 | Elf:2    | Found a shimmering altar of Xom.
 49413 | Elf:2    | Found a runed gate.
 49413 | Elf:2    | Found a runed gate.
 49413 | Elf:2    | Found a runed gate.
 50305 | Elf:2    | Reached skill level 5 in Shields
 50452 | Elf:3    | Entered Level 3 of the Elven Halls
 50846 | Elf:3    | Reached XP level 19. HP: 104/132 MP: 30/40
 51040 | Elf:3    | Received a gift from Okawaru
 51043 | Elf:3    | Got a sapphire bardiche {god gift}
 51089 | Elf:3    | Identified the +0 bardiche of the Lamprey {venom, -Cast +Twstr Str-4} (Okawaru gifted it to you on level 3 of the Elven Halls)
 51307 | Elf:3    | Got a slimy quarterstaff
 51318 | Elf:3    | Identified the +7 quarterstaff "Hydraslayer" {freeze, Dex+3 Stlth-} (You took it off a deep elf death mage on level 3 of the Elven Halls)
 51362 | Elf:3    | Got a twitching silver ring
 51371 | Elf:3    | Identified the ring of Spontaneous Combustion {+Blink rElec rF++ rN+ Stlth++} (You took it off a deep elf demonologist on level 3 of the Elven Halls)
 51495 | Elf:3    | Identified Unwuiwea's Reference Book on Malediction
 51500 | Elf:3    | Identified the Collected Works on Battle Magic and Flight
 51504 | Elf:3    | Identified the Almanac of Confrontation
 51801 | Elf:3    | Gained mutation: You expend magic power (3 MP) to slightly strengthen your wands. [a cacodemon]
 51964 | Elf:3    | Received a gift from Okawaru
 52126 | Elf:3    | Identified a +0 pair of boots of running (You found it on level 3 of the Elven Halls)
 52164 | Elf:3    | Got a sparkling bronze ring
 52168 | Elf:3    | Identified the ring "Adaix" {+Fly rPois rF+ rC++ Slay+4} (You took it off a deep elf annihilator on level 3 of the Elven Halls)
 52898 | Vaults:1 | Entered Level 1 of the Vaults
 53384 | Vaults:1 | Reached skill level 10 in Translocations
 53397 | Vaults:1 | Learned a level 7 spell: Controlled Blink
 53735 | Vaults:1 | Noticed Asterion
 53750 | Vaults:1 | Killed Asterion
 53913 | Vaults:1 | Received a gift from Okawaru
 53993 | Vaults:1 | Reached skill level 15 in Spellcasting
 54405 | Vaults:2 | Found a staircase to the Crypt.
 54405 | Vaults:2 | Found an ancient bone altar of Kikubaaqudgha.
 54406 | Vaults:2 | Found a basalt altar of Yredelemnul.
 54412 | Crypt:1  | Entered Level 1 of the Crypt
 54442 | Crypt:1  | Reached XP level 20. HP: 133/138 MP: 30/41
 55108 | Crypt:1  | Noticed Jorgrun
 55140 | Crypt:1  | Killed Jorgrun
 55683 | Crypt:2  | Received a gift from Okawaru
 55686 | Crypt:2  | Got a transparent chain mail {god gift}
 55698 | Crypt:2  | Identified the -5 chain mail of the Many Hells {+Inv rPois} (Okawaru gifted it to you on level 2 of the Crypt)
 55732 | Crypt:2  | Reached skill level 10 in Shields
 56521 | Crypt:3  | Entered Level 3 of the Crypt
 56762 | Crypt:3  | Found an ancient bone altar of Kikubaaqudgha.
 57448 | Crypt:3  | Reached skill level 16 in Spellcasting
 58035 | Crypt:3  | Received a gift from Okawaru
 58835 | Crypt:3  | Reached XP level 21. HP: 144/144 MP: 29/43
 59031 | Crypt:3  | Reached skill level 15 in Translocations
 59193 | Crypt:3  | Found a staircase to the Tomb.
 59335 | Crypt:3  | Identified the Reference Book on Dark Rites
 59523 | Crypt:3  | Got a transparent quarterstaff
 59531 | Crypt:3  | Identified the cursed -2 quarterstaff "Psougry" {crush, rElec rF+ Str+5} (You found it on level 3 of the Crypt)
 60019 | Vaults:2 | Received a gift from Okawaru
 60115 | Vaults:2 | Reached skill level 17 in Spellcasting
 61029 | Vaults:2 | Received a gift from Okawaru
 61751 | Vaults:3 | Got a scorched leather armour
 61762 | Vaults:3 | Identified the cursed -7 leather armour "Cluyteyle" {+Fly Regen+ Str+6 Stlth-} (You found it on level 3 of the Vaults)
 61842 | Vaults:3 | Got a vibrating turquoise ring
 61843 | Vaults:3 | Identified the ring "Vuot" {-Cast rC+ AC+2} (You found it on level 3 of the Vaults)
 62393 | Vaults:3 | Received a gift from Okawaru
 62398 | Vaults:3 | Got an iridescent scimitar {god gift}
 62399 | Vaults:3 | Identified the +1 scimitar "Mnuturph" {freeze, rF+ HP+10 Int+4} (Okawaru gifted it to you on level 3 of the Vaults)
 62654 | Vaults:3 | Reached XP level 22. HP: 152/152 MP: 32/44
 62846 | Vaults:4 | Upgraded the game from 0.16-a0-3593-g1073268 to 0.16-a0-3602-g9bd3662
 63521 | Vaults:4 | Reached skill level 18 in Spellcasting
 63567 | Vaults:4 | Received a gift from Okawaru
 63838 | Vaults:4 | Found Daecwe's Assorted Antiques.
 63844 | Vaults:4 | Bought a scorched buckler for 408 gold pieces
 63844 | Vaults:4 | Identified the +4 buckler of the Armoured One {+Twstr +Blink rElec HP-5 Str+4} (You bought it in a shop on level 4 of the Vaults)
 64265 | Vaults:5 | Entered Level 5 of the Vaults
 64544 | Vaults:5 | Received a gift from Okawaru
 64773 | Vaults:5 | Reached skill level 15 in Dodging
 65489 | Vaults:5 | Received a gift from Okawaru
 65952 | Vaults:4 | Reached XP level 23. HP: 150/160 MP: 38/45
 66053 | Vaults:5 | Noticed an ancient lich
 66445 | Vaults:4 | Killed an ancient lich
 66445 | Vaults:4 | Received a gift from Okawaru
 66445 | Vaults:4 | Reached skill level 15 in Air Magic
 66448 | Vaults:4 | Got a faintly glowing hand axe {god gift}
 66449 | Vaults:4 | Identified the +8 hand axe "Banisher" {chop, *Tele Str+4 Dex-5} (Okawaru gifted it to you on level 4 of the Vaults)
 66792 | Vaults:5 | Noticed an ancient lich
 66839 | Vaults:4 | Killed an ancient lich
 67114 | Vaults:5 | Reached skill level 19 in Spellcasting
 67181 | Vaults:5 | Received a gift from Okawaru
 67199 | Vaults:5 | Upgraded the game from 0.16-a0-3602-g9bd3662 to 0.16-a0-3633-g6873515
 67498 | Vaults:5 | Received a gift from Okawaru
 67909 | Vaults:5 | Got an ancient hand axe
 67910 | Vaults:5 | Identified the cursed +1 hand axe of Death's Door {venom, rPois+ MR+ MP+5 Dex+3 SInv} (You found it on level 5 of the Vaults)
 67952 | Vaults:5 | Got a slimy leather armour
 67953 | Vaults:5 | Identified the +3 leather armour of the Other World {rPois+ Int+3} (You took it off a deep elf high priest on level 5 of the Vaults)
 68244 | Vaults:5 | Got a silver rune of Zot
 68888 | Slime:1  | Entered Level 1 of the Pits of Slime
 70255 | Slime:3  | Gained mutation: You are frail (-10% HP). [a shining eye]
 70329 | Slime:2  | Reached skill level 15 in Fighting
 71508 | Slime:5  | Gained mutation: Scrolls take you a little longer to read. [a shining eye]
 72182 | Slime:6  | Entered Level 6 of the Pits of Slime
 72200 | Slime:6  | Reached XP level 24. HP: 139/152 MP: 46/46
 72286 | Slime:6  | Received a gift from Okawaru
 72726 | Slime:6  | Noticed the royal jelly
 72727 | Slime:6  | Found a viscous altar of Jiyva.
 72769 | Slime:6  | Killed the royal jelly
 72873 | Slime:6  | Got a slimy rune of Zot
 72875 | Slime:6  | Got a fine battleaxe
 72878 | Slime:6  | Identified the +11 battleaxe "Shrioluwa" {speed, +Blink rPois+ rN- Str+2 SInv} (You found it on level 6 of the Pits of Slime)
 72973 | Slime:6  | Got a faintly humming chain mail
 72984 | Slime:6  | Identified the +2 chain mail of the Storm King {-Cast rElec rC+ Str+4} (You found it on level 6 of the Pits of Slime)
 73208 | Slime:6  | Got an ancient ivory amulet
 73210 | Slime:6  | Identified the amulet of Stot {Clar +Inv MR+} (You found it on level 6 of the Pits of Slime)
 73463 | Lair:1   | Learned a level 9 spell: Singularity
 73473 | Lair:1   | Learned a level 9 spell: Tornado
 73994 | Orc:4    | Bought a Necronomicon for 1324 gold pieces
 74090 | Elf:1    | Bought the +9 armour of the Dragon King {rPois+ rF+ rC+ MR+} for 2121 gold pieces
 74313 | Temple   | Fell from the grace of Okawaru
 74313 | Temple   | Became a worshipper of Cheibriados the Contemplative
 74571 | D:7      | Killed a griffon
 74571 | D:7      | Killed a griffon
 74577 | D:7      | Killed a death yak
 75042 | Vaults:4 | Bought a scroll of brand weapon for 860 gold pieces
 75591 | Depths:1 | Entered Level 1 of the Depths
 75603 | Depths:1 | Found a runed door.
 78022 | Depths:1 | Found a gateway to Hell.
 78903 | Depths:2 | Upgraded the game from 0.16-a0-3633-g6873515 to 0.16-a0-3638-g6091178
 79100 | Depths:2 | Reached skill level 20 in Spellcasting
 79448 | Depths:1 | Acquired Cheibriados' first power
 79613 | Depths:2 | Got a heavily runed marble ring
 79917 | Depths:2 | Found Gerr's General Store.
 80006 | Depths:2 | Acquired Cheibriados' second power
 80093 | Depths:2 | Bought 4 fruits for 102 gold pieces
 80114 | Depths:2 | Identified the ring of Eternity {+Blink +Inv +Fly rF+ Str+2 SInv} (You took it off a yaktaur on level 2 of the Depths)
 80429 | Depths:2 | Found a gateway to a ziggurat.
 80689 | Depths:2 | Reached XP level 25. HP: 150/159 MP: 47/47
 80775 | Depths:2 | Acquired Cheibriados' third power
 81727 | Depths:3 | Found a one-way gate to the infinite horrors of the Abyss.
 81828 | Depths:3 | Found a burning altar of Makhleb.
 82016 | Depths:3 | Was forgiven by Okawaru
 82488 | Depths:3 | Found a one-way gate leading to the halls of Pandemonium.
 82849 | Depths:3 | Reached skill level 15 in Armour
 83364 | Depths:3 | Got a translucent brass ring
 83368 | Depths:3 | Got a transparent plate armour
 83373 | Depths:3 | Identified the cursed -4 plate armour of the Maze {Int+3 SInv} (You found it on level 3 of the Depths)
 83375 | Depths:3 | Identified the ring of Tarinnon {+Fly rF+ rC- Slay-2 SInv} (You found it on level 3 of the Depths)
 83378 | Depths:3 | Got a pitted tin ring
 83381 | Depths:3 | Identified the ring of the Albatross {rN+ MP+9 Dex+3 Slay+4 Stlth+} (You found it on level 3 of the Depths)
 84229 | Depths:4 | Noticed Mennas
 84257 | Depths:4 | Killed Mennas
 84527 | Depths:4 | Noticed Xtahua
 84538 | Depths:4 | Killed Xtahua
 85325 | Depths:5 | Entered Level 5 of the Depths
 85419 | Depths:4 | Reached skill level 21 in Spellcasting
 85710 | Depths:5 | Reached XP level 26. HP: 168/168 MP: 35/47
 86462 | Depths:5 | Found a gate to the Realm of Zot.
 86837 | Zot:1    | Entered Level 1 of the Realm of Zot
 87876 | Zot:2    | Noticed an orb of fire
 87993 | Zot:1    | Killed an orb of fire
 88883 | Zot:2    | Reached XP level 27. HP: 100/175 MP: 48/48
 89002 | Zot:2    | Reached skill level 22 in Spellcasting
 91016 | Zot:4    | Got a dazzling ring mail
 91019 | Zot:4    | Identified the +2 ring mail of the Gardener {-Tele rF+ rC-} (You found it on level 4 of the Realm of Zot)
 91621 | Zot:5    | Entered Level 5 of the Realm of Zot
 91969 | Zot:5    | Identified Fekiesmen's Collected Works on the Escort and Orientation (You found it on level 5 of the Realm of Zot)
 93604 | Depths:3 | Voluntarily entered the Abyss.
 93684 | Abyss:2  | Found a corrupted altar of Lugonu.
 94340 | Abyss:2  | Found an iron altar of Okawaru.
 94869 | Abyss:3  | Upgraded the game from 0.16-a0-3638-g6091178 to 0.16-a0-3652-g8567522
 95069 | Abyss:3  | Reached skill level 23 in Spellcasting
 95283 | Abyss:3  | Found a burning altar of Makhleb.
 95322 | Abyss:3  | Found a burning altar of Makhleb.
 95324 | Abyss:3  | Found a sparkling altar of Nemelex Xobeh.
 95325 | Abyss:3  | Found a snail-covered altar of Cheibriados.
 95325 | Abyss:3  | Found a basalt altar of Yredelemnul.
 95328 | Abyss:3  | Found a stormy altar of Qazlal.
 95329 | Abyss:3  | Found a glowing silver altar of Zin.
 95329 | Abyss:3  | Found a shimmering altar of Xom.
 95329 | Abyss:3  | Found a blossoming altar of Fedhas.
 95329 | Abyss:3  | Found a bloodstained altar of Trog.
 95330 | Abyss:3  | Found a white marble altar of Elyvilon.
 95331 | Abyss:3  | Found a shadowy altar of Dithmenos.
 95331 | Abyss:3  | Found an iron altar of Okawaru.
 95332 | Abyss:3  | Found a radiant altar of Vehumet.
 95333 | Abyss:3  | Found a deep blue altar of Sif Muna.
 95333 | Abyss:3  | Found a shattered altar of Ashenzari.
 95334 | Abyss:3  | Found an ancient bone altar of Kikubaaqudgha.
 95335 | Abyss:3  | Found a glowing golden altar of the Shining One.
 95335 | Abyss:3  | Found an opulent altar of Gozag.
 95554 | Abyss:3  | Found a corrupted altar of Lugonu.
 95916 | Abyss:3  | Found a corrupted altar of Lugonu.
 96443 | Abyss:3  | Gained mutation: Armour fits poorly on your strangely shaped body. [a neqoxec]
 96641 | Abyss:3  | Found a corrupted altar of Lugonu.
 97779 | Abyss:3  | Gained mutation: Space occasionally distorts in your vicinity. [a neqoxec]
 98651 | Abyss:3  | Found a corrupted altar of Lugonu.
 98679 | Abyss:3  | Got an abyssal rune of Zot
 98820 | Abyss:3  | Found a corrupted altar of Lugonu.
 98925 | Abyss:3  | Noticed an ancient lich
 99067 | Abyss:3  | Found a corrupted altar of Lugonu.
 99186 | Abyss:3  | Upgraded the game from 0.16-a0-3652-g8567522 to 0.16-a0-3668-g5d42bd4
 99437 | Depths:3 | Escaped the Abyss
 99540 | Hell     | Entered the Vestibule of Hell
 99540 | Hell     | Noticed Geryon
 99589 | Hell     | Found a gateway to the ashen valley of Gehenna.
 99958 | Hell     | Found a gateway to the freezing wastes of Cocytus.
100161 | Hell     | Found a gateway to the decaying netherworld of Tartarus.
100247 | Hell     | Found a gateway to the Iron City of Dis.
100281 | Hell     | Killed Geryon
100384 | Dis:1    | Entered Level 1 of the Iron City of Dis
100731 | Dis:1    | Gained mutation: You are dopey. (Int -2) [a neqoxec]
101485 | Dis:2    | Reached skill level 1 in Invocations
101709 | Depths:3 | Voluntarily entered the Abyss.
101717 | Abyss:1  | Reached skill level 5 in Invocations
101969 | Abyss:1  | Noticed an ancient lich
101978 | Abyss:1  | Killed an ancient lich
102308 | Abyss:1  | Reached skill level 10 in Invocations
102731 | Abyss:4  | Found a corrupted altar of Lugonu.
102943 | Abyss:5  | Entered Level 5 of the Abyss
102944 | Abyss:5  | Found a basalt altar of Yredelemnul.
102961 | Abyss:5  | Found a corrupted altar of Lugonu.
103054 | Abyss:5  | Found a corrupted altar of Lugonu.
103273 | Abyss:5  | Gained mutation: Your magical capacity is low (-10% MP). [a neqoxec]
103355 | Abyss:5  | Reached skill level 1 in Necromancy
103383 | Abyss:5  | Found a corrupted altar of Lugonu.
103536 | Abyss:5  | Found a corrupted altar of Lugonu.
103734 | Abyss:5  | Reached skill level 5 in Necromancy
103886 | Abyss:5  | Found a corrupted altar of Lugonu.
103966 | Depths:3 | Escaped the Abyss
104498 | Lair:1   | Learned a level 8 spell: Disjunction
104991 | Depths:3 | Voluntarily entered the Abyss.
105018 | Abyss:1  | Found a corrupted altar of Lugonu.
105417 | Abyss:2  | Found a corrupted altar of Lugonu.
105428 | Abyss:2  | Found a corrupted altar of Lugonu.
105503 | Abyss:4  | Found a corrupted altar of Lugonu.
105524 | Abyss:5  | Entered Level 5 of the Abyss
105787 | Abyss:5  | Gained mutation: You are weak. (Str -2) [a neqoxec]
105800 | Abyss:5  | Found a corrupted altar of Lugonu.
105850 | Abyss:5  | Found a blossoming altar of Fedhas.
105954 | Abyss:5  | Found a corrupted altar of Lugonu.
106033 | Abyss:5  | Found a corrupted altar of Lugonu.
106126 | Abyss:5  | Found a corrupted altar of Lugonu.
106231 | Abyss:5  | Found a corrupted altar of Lugonu.
106301 | Abyss:5  | Found a corrupted altar of Lugonu.
106374 | Abyss:5  | Reached skill level 10 in Necromancy
106388 | Abyss:5  | Learned a level 8 spell: Necromutation
106510 | Abyss:5  | Found a corrupted altar of Lugonu.
106581 | Abyss:5  | Got a shimmering demon trident
106588 | Abyss:5  | Identified the +11 demon trident "Shrataine" {elec, +Blink rElec rF+} (You found it on level 5 of the Abyss)
106635 | Abyss:5  | Reached skill level 1 in Transmutations
106886 | Abyss:5  | Found a corrupted altar of Lugonu.
107161 | Abyss:5  | Found a corrupted altar of Lugonu.
107250 | Abyss:5  | Reached skill level 5 in Transmutations
107305 | Abyss:5  | Found a shimmering altar of Xom.
107305 | Abyss:5  | Found a corrupted altar of Lugonu.
107522 | Abyss:5  | Gained mutation: Space sometimes distorts in your vicinity. [a neqoxec]
107551 | Abyss:5  | Gained mutation: You tend to lose your temper in combat. [a neqoxec]
107771 | Abyss:5  | Reached skill level 10 in Transmutations
107815 | Abyss:5  | Found a corrupted altar of Lugonu.
107876 | Abyss:5  | Found a corrupted altar of Lugonu.
108027 | Abyss:5  | Gained mutation: You are partially covered in yellow scales (AC +2). [a neqoxec]
108276 | Abyss:5  | Reached skill level 24 in Spellcasting
108309 | Abyss:5  | Found a corrupted altar of Lugonu.
108318 | Abyss:5  | Found a corrupted altar of Lugonu.
108423 | Abyss:5  | Found a corrupted altar of Lugonu.
108507 | Abyss:5  | Found a corrupted altar of Lugonu.
108840 | Abyss:5  | Found a corrupted altar of Lugonu.
108959 | Abyss:5  | Found a corrupted altar of Lugonu.
108963 | Abyss:5  | Found a corrupted altar of Lugonu.
109236 | Abyss:5  | Found a corrupted altar of Lugonu.
109696 | Depths:3 | Escaped the Abyss
110071 | Lair:1   | Gained mutation: You are resistant to hostile enchantments. [potion of beneficial mutation]
110162 | D:10     | Killed Maurice
110888 | Depths:3 | Voluntarily entered the Abyss.
110888 | Abyss:1  | Found a corrupted altar of Lugonu.
111187 | Abyss:1  | Found a corrupted altar of Lugonu.
111526 | Abyss:1  | Found a corrupted altar of Lugonu.
111595 | Abyss:1  | Found a corrupted altar of Lugonu.
111725 | Abyss:1  | Found a corrupted altar of Lugonu.
111736 | Abyss:1  | Found a corrupted altar of Lugonu.
111857 | Abyss:2  | Found a corrupted altar of Lugonu.
112005 | Abyss:2  | Found a corrupted altar of Lugonu.
112665 | Abyss:3  | Found a corrupted altar of Lugonu.
112726 | Abyss:3  | Found a corrupted altar of Lugonu.
112765 | Abyss:3  | Found a corrupted altar of Lugonu.
112977 | Abyss:4  | Found a corrupted altar of Lugonu.
113007 | Abyss:4  | Found a corrupted altar of Lugonu.
113191 | Abyss:4  | Paralysed by accursed screaming for 2 turns
113217 | Abyss:4  | Found a corrupted altar of Lugonu.
113253 | Abyss:4  | Reached skill level 25 in Spellcasting
113464 | Abyss:4  | Found a corrupted altar of Lugonu.
113655 | Abyss:4  | Found a corrupted altar of Lugonu.
114255 | Abyss:4  | Found a corrupted altar of Lugonu.
114258 | Abyss:4  | Found a corrupted altar of Lugonu.
114585 | Abyss:5  | Entered Level 5 of the Abyss
114726 | Depths:3 | Escaped the Abyss
114768 | Pan      | Entered Pandemonium
115226 | Pan      | Found an exit through the horrors of the Abyss.
115343 | Pan      | Reached skill level 15 in Transmutations
116235 | Pan      | Found an exit through the horrors of the Abyss.
116401 | Pan      | HP: 4/180 [Brimstone Fiend/blast of hellfire[an orange demon] (38)]
116416 | Pan      | Gained mutation: You are clumsy. (Dex -2) [a cacodemon]
116419 | Pan      | Gained mutation: Your body is slowly deteriorating. [a cacodemon]
116422 | Pan      | Gained mutation: You are very weak. (Str -4) [a cacodemon]
116636 | Pan      | Noticed Pruofas the pandemonium lord
116849 | Pan      | Killed Pruofas the pandemonium lord
117736 | Pan      | Reached skill level 26 in Spellcasting
117849 | Pan      | Found a huge runed gate.
117968 | Pan      | Found an exit through the horrors of the Abyss.
119318 | Pan      | Noticed Metasoist the pandemonium lord
119488 | Pan      | Killed Metasoist the pandemonium lord
119744 | Pan      | Killed from afar by a Hell Sentinel

Action                   |  1- 3 |  4- 6 |  7- 9 | 10-12 | 13-15 | 16-18 | 19-21 | 22-24 | 25-27 || total
-------------------------+-------+-------+-------+-------+-------+-------+-------+-------+-------++-------
Melee: Falchion          |   145 |   282 |   495 |  1514 |  1533 |  1947 |  2315 |  2737 |   545 || 11513
       Short sword       |       |       |       |    54 |    46 |       |       |       |       ||   100
       Scimitar          |       |       |       |       |  1454 |    16 |       |       |       ||  1470
       Triple sword      |       |       |       |       |       |    94 |       |       |       ||    94
       Demon blade       |       |       |       |       |       |     7 |       |       |  6012 ||  6019
       Eudemon blade     |       |       |       |       |       |       |       |       |   747 ||   747
 Fire: Hunting sling     |     5 |    11 |       |       |       |       |       |       |       ||    16
 Cast: Infusion          |     2 |       |       |     1 |       |       |     1 |       |       ||     4
       Song of Slaying   |     7 |    16 |    22 |    21 |     3 |       |       |       |       ||    69
       Shroud of Golubri |     4 |    13 |    26 |    66 |    74 |    60 |    65 |   103 |    64 ||   475
       Regeneration      |       |    22 |    42 |    99 |   137 |   139 |   136 |   213 |   364 ||  1152
       Repel Missiles    |       |       |       |     1 |     1 |     4 |     5 |     7 |    12 ||    30
       Airstrike         |       |       |       |       |    11 |     2 |       |    16 |     2 ||    31
       Haste             |       |       |       |       |    21 |    11 |     5 |     4 |       ||    41
       Freezing Cloud    |       |       |       |       |     1 |   152 |   132 |   121 |   143 ||   549
       Blink             |       |       |       |       |       |     1 |     4 |     3 |     2 ||    10
       Controlled Blink  |       |       |       |       |       |       |     1 |    40 |    54 ||    95
       Sublimation of Bl |       |       |       |       |       |       |       |     4 |     2 ||     6
       Tornado           |       |       |       |       |       |       |       |       |   139 ||   139
       Necromutation     |       |       |       |       |       |       |       |       |    55 ||    55
Invok: Heroism           |       |       |     1 |     2 |       |     5 |     1 |       |       ||     9
       Step From Time    |       |       |       |       |       |       |       |       |     4 ||     4
       Temporal Distorti |       |       |       |       |       |       |       |       |     1 ||     1
 Abil: Evoke Flight      |       |       |       |     1 |       |     1 |     2 |       |     1 ||     5
       Evoke Invisibilit |       |       |       |       |     1 |       |       |       |       ||     1
       Stop Flying       |       |       |       |       |       |     1 |       |       |     1 ||     2
       End Transformatio |       |       |       |       |       |       |       |       |     9 ||     9
Evoke: Wand              |       |       |       |     4 |     4 |    21 |       |    16 |     9 ||    54
       Deck              |       |       |       |       |       |       |       |     1 |       ||     1
  Use: Scroll            |     8 |    13 |     9 |     7 |    21 |    35 |    18 |    24 |    25 ||   160
       Potion            |       |     5 |       |     6 |     9 |     9 |       |    13 |    30 ||    72
 Stab: Sleeping          |       |     1 |       |     1 |       |     1 |     6 |    14 |    26 ||    49
       Invisible         |       |       |       |       |     1 |     1 |       |       |       ||     2
       Petrifying        |       |       |       |       |     1 |       |       |       |     1 ||     2
       Held in net/web   |       |       |       |       |       |     1 |       |       |       ||     1
       Distracted        |       |       |       |       |       |       |     5 |     5 |    73 ||    83
       Confused          |       |       |       |       |       |       |       |       |     1 ||     1
       Paralysed         |       |       |       |       |       |       |       |       |     1 ||     1
  Eat: Chunk             |     5 |    16 |    17 |    39 |    67 |   103 |    45 |    48 |    62 ||   402
       Beef jerky        |       |       |     1 |     1 |     6 |     2 |     2 |     3 |     6 ||    21
       Fruit             |       |       |       |     1 |     3 |       |    15 |    20 |    10 ||    49
       Pizza             |       |       |       |     1 |     1 |     5 |     8 |       |     4 ||    19
       Meat ration       |       |       |       |       |     2 |       |       |     2 |     6 ||    10
       Royal jelly       |       |       |       |       |       |     1 |     2 |     3 |     2 ||     8
       Bread ration      |       |       |       |       |       |     1 |       |       |     1 ||     2
